 Dungeon Crawl Stone Soup version 0.25.0-9-g26727b657a (console) character file.

Game seed: 3578818293945717921

1374 bli the Archer (level 8, -5/70 HPs)
             Began as a Green Draconian Wanderer on June 20, 2020.
             Was a Follower of Qazlal.
             Slain by a wyvern zombie (16 damage)
             ... on level 6 of the Dungeon.
             The game lasted 00:30:20 (7294 turns).

bli the Archer (Green Draconian Wanderer)           Turns: 7294, Time: 00:30:21

Health: -5/70      AC:  7    Str: 16    XL:     8   Next: 39%
Magic:  9/9        EV: 13    Int: 12    God:    Qazlal [*.....]
Gold:   223        SH:  1    Dex: 12    Spells: 7/7 levels left

rFire    + . .     SeeInvis .   b - staff of air
rCold    . . .     Gourm    .   (no shield)
rNeg     . . .     Faith    .   (armour unavailable)
rPois    +         Spirit   .   (helmet restricted)
rElec    +         Reflect  .   B - +0 cloak
rCorr    .         Harm     .   (no gloves)
MR       +....                  (no boots)
Stlth    +.........             (no amulet)
HPRegen  0.21/turn              q - ring of protection from fire
MPRegen  0.11/turn              x - ring of protection from magic

@: no status effects
A: breathe noxious fumes, unfitting armour, poison resistance, cold-blooded, AC
+6
a: Breathe Noxious Fumes, Renounce Religion


You were on level 6 of the Dungeon.
You worshipped Qazlal.
Qazlal was aware of your devotion.
You were not hungry.

You visited 1 branch of the dungeon, and saw 6 of its levels.

You collected 223 gold pieces.

Inventory:

Hand Weapons
 a - a +0 shortbow
 n - the +2 short sword of Joyful Slaughter {holy, rF+ rC+ MR+++ Str-2}
   (You found it on level 4 of the Dungeon)

   It has been blessed by the Shining One to cause great damage to the undead
   and demons.
   It affects your strength (-2).
   It protects you from fire.
   It protects you from cold.
   It affects your resistance to hostile enchantments.
 r - a +0 whip
Missiles
 c - 57 arrows
 j - 182 stones
 o - 2 throwing nets
 v - 20 poisoned darts (quivered)
 A - 5 boomerangs
Armour
 B - a +0 cloak (worn)
Magical Staves
 b - an uncursed staff of air (weapon)
Jewellery
 g - an uncursed ring of protection from fire
 q - a ring of protection from fire (left hand)
 x - a ring of protection from magic (right hand)
Wands
 p - a wand of acid (8)
Scrolls
 d - a scroll of immolation {unknown}
 h - 3 scrolls of random uselessness
 i - 4 scrolls of identify {unknown}
 k - 2 scrolls of fear {unknown}
 l - 2 scrolls of noise {unknown}
 m - 3 scrolls of remove curse
 w - a scroll of amnesia {unknown}
 y - 3 scrolls of enchant armour {unknown}
Potions
 s - 2 potions of invisibility {unknown}
 t - 2 potions of haste {unknown}
 u - a potion of degeneration {unknown}
 z - 2 potions of mutation {unknown}
 C - a potion of brilliance {unknown}
Miscellaneous
 e - a phial of floods (inert)
Comestibles
 f - 9 rations
 D - 5 chunks of flesh


   Skills:
 + Level 5.7 Fighting
   Level 2.0(2.1) Axes
 + Level 1.0(1.8) Maces & Flails
 + Level 1.0(1.2) Staves
 + Level 8.1 Bows
 + Level 3.0 Dodging
 + Level 0.9 Stealth
 + Level 2.1 Evocations


You had 7 spell levels left.
You didn't know any spells.
Your spell library was empty.

Dungeon Overview and Level Annotations

Branches:
Dungeon (6/15)             Temple (0/1) D:4

Altars:
Elyvilon
Qazlal
Vehumet
The Shining One

Shops:
D:4 (


Innate Abilities, Weirdness & Mutations

You can breathe blasts of noxious fumes.
Your lurid green scales are hard. (AC +6)
You cannot fit into any form of body armour.
Your system is resistant to poisons. (rPois)
You are cold-blooded and may be slowed by cold attacks.


Message History

The wyvern zombie is engulfed in freezing vapours.
The wyvern zombie closely misses you.
You miss the crimson imp.
The crimson imp is lightly wounded.
The wyvern zombie bites you! The crimson imp hits you.
The wyvern zombie bites you!
* * * LOW HITPOINT WARNING * * *
You hit the crimson imp but do no damage.
The wyvern zombie bites you but does no damage.
The crimson imp closely misses you.
You hit the crimson imp but do no damage.
The crimson imp hits you but does no damage.
You hit the crimson imp.
The crimson imp is lightly wounded.
The wyvern zombie completely misses you.
The crimson imp hits you.
* * * LOW HITPOINT WARNING * * *
You barely miss the wyvern zombie.
The wyvern zombie is severely damaged.
The wyvern zombie closely misses you. The crimson imp barely misses you.
The wyvern zombie bites you!
You die...

..... #.####.....
#.....########'####.####
#...................#...
#...................#...
#.......................
...........^......#####
..................# #
####+#.(...........#
........############
......5Z# .......@#
.(......# ..(.....#
.(......# # ####+#### #
# # # # ### +..


You could see a crimson imp and a wyvern zombie.

Vanquished Creatures
  Sigmund (D:3)
  A black bear (D:6)
  An ice beast (D:5)
  A sky beast (D:6)
  2 phantoms
  An ogre (D:4)
  3 crimson imps (D:5)
  An orc priest (D:4)
  A hound (D:4)
  5 orc wizards
  Ijyb (D:4)
  2 iguanas
  5 worker ants
  8 adders
  A gnoll (D:3)
  A shadow imp (D:6)
  An ooze (D:4)
  An adder zombie (D:6)
  2 worms
  2 dart slugs
  2 leopard geckos
  10 orcs
  3 ball pythons
  4 bats
  2 giant cockroaches
  5 goblins
  7 hobgoblins
  11 jackals
  5 quokkas
  8 frilled lizards
  9 kobolds
  5 rats
  10 plants
122 creatures vanquished.

Notes
Turn   | Place    | Note
-------+----------+-------------------------------------------
     0 | D:1      | bli the Draconian Wanderer began the quest for the Orb.
     0 | D:1      | bli set off with the following items: a +0 shortbow, a
                  | phial of floods, 25 arrows, a potion of lignification, a
                  | ration
     0 | D:1      | Reached XP level 1. HP: 19/19 MP: 2/2
   379 | D:1      | Reached skill level 3 in Bows
   379 | D:1      | Reached XP level 2. HP: 25/26 MP: 3/3
  2080 | D:2      | Reached XP level 3. HP: 32/33 MP: 4/4
  2692 | D:2      | Reached skill level 1 in Maces & Flails
  2895 | D:2      | Reached XP level 4. HP: 40/40 MP: 5/5
  2931 | D:2      | HP: 2/60 [worker ant (3)]
  2933 | D:2      | Reached skill level 1 in Dodging
  3267 | D:2      | Found a glowing golden altar of the Shining One.
  3267 | D:2      | Found a white marble altar of Elyvilon.
  3674 | D:3      | Found a stormy altar of Qazlal.
  3682 | D:3      | Became a worshipper of Qazlal Stormbringer
  3867 | D:3      | Reached XP level 5. HP: 40/47 MP: 6/6
  3956 | D:3      | Reached skill level 4 in Bows
  4151 | D:3      | Noticed Sigmund
  4172 | D:3      | Killed Sigmund
  4172 | D:3      | Reached skill level 5 in Bows
  4172 | D:3      | Reached XP level 6. HP: 14/55 MP: 7/7
  4632 | D:4      | Reached skill level 5 in Fighting
  4732 | D:4      | Found Dukir's Antique Weapon Emporium.
  4869 | D:4      | Found a staircase to the Ecumenical Temple.
  5027 | D:4      | Your scales start taking on a lurid green colour.
  5027 | D:4      | Reached XP level 7. HP: 55/61 MP: 8/8
  5027 | D:4      | Gained mutation: Your system is resistant to poisons.
                  | (rPois) [Green Draconian growth]
  5165 | D:4      | Reached * piety under Qazlal
  5195 | D:4      | Noticed Ijyb
  5205 | D:4      | Killed Ijyb
  5332 | D:4      | Reached skill level 6 in Bows
  5684 | D:4      | Got a crystal short sword
  5726 | D:5      | Entered Level 5 of the Dungeon
  6523 | D:5      | Reached skill level 7 in Bows
  6623 | D:5      | Found a radiant altar of Vehumet.
  6629 | D:5      | Reached XP level 8. HP: 69/69 MP: 9/9
  6945 | D:6      | Identified the cursed +2 short sword of Joyful Slaughter
                  | {holy, rF+ rC+ MR+++ Str-2} (You found it on level 4 of the
                  | Dungeon)
  7086 | D:6      | Reached skill level 1 in Staves
  7088 | D:6      | Reached skill level 8 in Bows
  7294 | D:6      | Slain by a wyvern zombie

Illustrated notes

Levels and vault maps discovered:
D:1:      saegor_arrival_simple_c, layout_basic, wad_woods_river_04
D:2:      layout_loops_ring, gammafunk_temple_overflow_wave, first_ration,
          serial_bayou, serial_bayou_pond_e, serial_bayou_lagoon_a,
          serial_bayou_lagoon_b, serial_bayou_pond_a
D:3:      layout_loops_cross, lemuel_crystal_altar, minmay_starry_boxes,
          uniq_sigmund
D:4:      layout_gridville, temple_pool_b, serial_shops, shop, uniq_ijyb
D:5:      layout_loops_corners, vehumet_crystals
D:6:      layout_basic, grunt_temple_overflow_open, minmay_unpleasant_kobolds

Skill      XL: |  1  2  3  4  5  6  7  8 |
---------------+-------------------------+-----
Bows           | 3 5 7 8 |  8.1
Fighting       | 4 5 |  5.7
Maces & Flails | 1 |  1.0
Dodging        | 1 2 3 |  3.0
Staves         | 1 |  1.0
Axes           | |  2.0
Stealth        | |  0.9
Evocations     | |  2.1

Action                   |  1- 3 |  4- 6 |  7- 9 || total
-------------------------+-------+-------+-------++-------
Melee: Whip              |   591 |   114 |       ||   705
       Tailslap          |    95 |    31 |    18 ||   144
       Staff             |       |    29 |   118 ||   147
 Fire: Shortbow          |    77 |   153 |   178 ||   408
Throw: Dart              |       |     1 |     2 ||     3
 Abil: Breathe Noxious F |       |       |     2 ||     2
Evoke: Wand              |     1 |     1 |     2 ||     4
       Phial of floods   |       |       |     1 ||     1
  Use: Potion            |     2 |     3 |       ||     5
       Scroll            |       |       |     2 ||     2
  Eat: Chunk             |     4 |     4 |     7 ||    15
       Ration            |     1 |     1 |       ||     2
Armor: Skin              |    31 |    38 |    51 ||   120
Dodge: Dodged            |    58 |    73 |   114 ||   245
Block: Other             |       |       |     1 ||     1
